 Dungeon Crawl Stone Soup version 0.29-a0-284-gf9362112df (webtiles) character file.

Game seed: 8396917772741086703

622661 drugrobin the Slayer (level 25, -7/225 (238) HPs)
             Began as a Demigod Fighter on Mar 19, 2022.
             Mangled by a reaper
             ... wielding a +2 scythe of distortion
             ... called by a doom hound
              (25 damage)
             ... in the Vestibule of Hell.
             The game lasted 05:44:53 (104079 turns).

drugrobin the Slayer (Demigod Fighter)            Turns: 104079, Time: 05:44:53

HP:   -7/225 (238)  AC: 39    Str: 32    XL:     25   Next: 27%
MP:   40/40         EV: 12    Int: 37    God:
Gold: 3834          SH: 16    Dex: 13    Spells: 14/39 levels left

rFire   . . .      SeeInvis +   d - +6 broad axe of the Endless Expanse {speed, Fly rPois rF- Will+}
rCold   + + +      Faith    .   i - +3 kite shield {rC+ rF+}
rNeg    + + +      Spirit   .   s - +7 chain mail "Qixuc" {Will+++ rCorr Str-3 Int+4}
rPois   ∞          Reflect  .   N - +2 helmet of Winter {Contam rN+ Str+4 Int+3}
rElec   .          Harm     .   p - +2 cloak {Stlth+}
rCorr   +          Rampage  .   G - +2 pair of gloves
Will    +++++                   P - +2 pair of boots {Stlth+}
Stlth   ..........              r - amulet of regeneration
HPRegen 1.27/turn               y - ring of wizardry
MPRegen 0.27/turn               M - ring of Furus {rPois rC++ rN+ SInv Stlth-}

@: about to teleport, lich-form, flying, studying Summonings, drained
A: draining attack, torment immunity, no potions, high MP 1, forlorn, divine
attributes, mutation resistance 1, strong 1
}: 4/15 runes: decaying, serpentine, slimy, abyssal
a: End Transformation


You were in the Vestibule of Hell.
You were an undead lich.
You visited 16 branches of the dungeon, and saw 58 of its levels.
You visited the Abyss 2 times.
You visited 1 bazaar.
You also visited: Ossuary, Bailey and Ice Cave.

You collected 7742 gold pieces.
You spent 3908 gold pieces at shops.

Inventory:

Hand Weapons
 a - a +9 broad axe of flaming
 b - a +0 demon whip of venom
 c - the +5 flail of Superiority {vorpal, rElec rC+ Will+}
   (You found it on level 10 of the Dungeon)

   It inflicts extra damage upon your enemies.
   rC:        It protects you from cold.
   rElec:     It insulates you from electricity.
   Will:      It increases your willpower.
 d - the +6 broad axe of the Endless Expanse (weapon) {speed, Fly rPois rF- Will+}
   (You took it off a minotaur on level 3 of the Depths)

   Attacks with this weapon are significantly faster.
   rF:        It makes you vulnerable to fire.
   rPois:     It protects you from poison.
   Fly:       It grants you flight.
   Will:      It increases your willpower.
 e - the +6 war axe "Qyfeyluj" {antimagic, rF- rN+++ rCorr Str-2}
   (You found it on level 5 of the Pits of Slime)

   It reduces the magical energy of the wielder, and disrupts the spells and
   magical abilities of those it strikes.
   Natural abilities and divine invocations are not affected.
   Str:       It affects your strength (-2).
   rF:        It makes you vulnerable to fire.
   rN:        It renders you almost immune to negative energy.
   rCorr:     It protects you from acid and corrosion.
Missiles
 u - 37 javelins (quivered)
 S - a curare-tipped dart
Armour
 i - a +3 kite shield of resistance (worn)
 p - a +2 cloak of stealth (worn)
 s - the +7 chain mail "Qixuc" (worn) {Will+++ rCorr Str-3 Int+4}
   (You found it on level 1 of the Swamp)

   Str:       It affects your strength (-3).
   Int:       It affects your intelligence (+4).
   rCorr:     It protects you from acid and corrosion.
   Will:      It greatly increases your willpower.
 G - a +2 pair of gloves (worn)
 N - the +2 helmet of Winter (worn) {Contam rN+ Str+4 Int+3}
   (You bought it in a shop on level 12 of the Dungeon)

   Str:       It affects your strength (+4).
   Int:       It affects your intelligence (+3).
   rN:        It protects you from negative energy.
   Contam:    It causes magical contamination when unequipped.
 P - a +2 pair of boots of stealth (worn)
Jewellery
 l - a ring of protection from fire
 r - an amulet of regeneration (around neck)
 y - a ring of wizardry (left hand)
 F - the ring of Fiom {rF+ Dex+5}
   (You took it off a deep elf blademaster on level 3 of the Elven Halls)

   [ring of protection from fire]

   Dex:       It affects your dexterity (+5).
   rF:        It protects you from fire.
 M - the ring of Furus (right hand) {rPois rC++ rN+ SInv Stlth-}
   (You found it on level 7 of the Dungeon)

   [ring of positive energy]

   rC:        It greatly protects you from cold.
   rPois:     It protects you from poison.
   rN:        It protects you from negative energy.
   SInv:      It lets you see invisible.
   Stlth:     It makes you less stealthy.
Wands
 g - a wand of mindburst (11)
 L - a wand of charming (19)
 O - a wand of polymorph (14)
 R - a wand of iceblast (49)
 T - a wand of acid (11)
 Y - a wand of paralysis (25)
 Z - a wand of digging (5)
Scrolls
 k - 21 scrolls of teleportation
 q - 9 scrolls of fear
 t - 4 scrolls of blinking
 v - 2 scrolls of silence
 E - 8 scrolls of vulnerability
 J - 6 scrolls of fog
 K - a scroll of amnesia
 V - 6 scrolls of summoning
 W - 3 scrolls of immolation
Potions
 h - 2 potions of resistance
 j - 3 potions of heal wounds
 m - 2 potions of berserk rage
 w - 19 potions of curing
 x - 7 potions of attraction
 z - 4 potions of cancellation
 A - 9 potions of might
 B - 8 potions of ambrosia
 C - 10 potions of haste
 D - 2 potions of invisibility
 H - 5 potions of lignification
Miscellaneous
 f - a condenser vane
 n - a lightning rod (4/4)
 o - a tin of tremorstones (1/2)
 I - a phantom mirror
 U - a phial of floods (inert)


   Skills:
 - Level 22.2 Fighting
 - Level 18.0 Axes
 + Level 12.1 Armour
 - Level 10.0 Dodging
 - Level 15.0 Shields
 - Level 7.7 Spellcasting
 - Level 20.0 Necromancy
 - Level 13.8 Transmutations
 - Level 5.0 Evocations


You had 14 spell levels left.
You knew the following spells:

 Your Spells              Type           Power      Damage    Failure   Level
a - Animate Dead          Necr           63%        N/A       1%          4
b - Wereblood             Tmut           86%        N/A       1%          2
c - Death Channel         Necr           63%        N/A       1%          6
d - Necromutation         Tmut/Necr      59%        N/A       38%         8
e - Borgnjor's Vile Clut  Necr/Erth      46%        N/A       3%          5

Your spell library contained the following spells:

 Spells                   Type           Power      Damage    Failure   Level
 Animate Skeleton         Necr           100%       N/A       0%          1
 Pain                     Necr           100%       1d9       0%          1
 Sublimation of Blood     Necr           100%       N/A       0%          2
 Vampiric Draining        Necr           100%       2d13      0%          3
 Beastly Appendage        Tmut           100%       N/A       1%          1
 Corpse Rot               Necr/Air       100%       N/A       1%          2
 Spider Form              Tmut/Pois      60%        N/A       1%          3
 Anguish                  Hex/Necr       46%        N/A       1%          4
 Dispel Undead            Necr           100%       3d31      1%          4
 Agony                    Necr           100%       N/A       1%          5
 Blade Hands              Tmut           43%        N/A       1%          5
 Excruciating Wounds      Necr           63%        N/A       1%          5
 Ignite Poison            Fire/Tmut/Pois 48%        N/A       3%          3
 Ice Form                 Ice/Tmut       60%        N/A       4%          4
 Petrify                  Tmut/Erth      60%        N/A       4%          4
 Apportation              Tloc           28%        N/A       6%          1
 Freeze                   Ice            56%        1d7       6%          1
 Magic Dart               Conj           56%        1d5       6%          1
 Slow                     Hex            56%        N/A       6%          1
 Summon Small Mammal      Summ           56%        N/A       6%          1
 Blink                    Tloc           28%        N/A       10%         2
 Call Imp                 Summ           14%        N/A       10%         2
 Ensorcelled Hibernation  Hex/Ice        28%        N/A       10%         2
 Static Discharge         Conj/Air       14%        N/A       10%         2
 Alistair's Intoxication  Tmut/Pois      40%        N/A       11%         5
 Irradiate                Conj/Tmut      30%        3d24      11%         5
 Simulacrum               Ice/Necr       46%        N/A       16%         6
 Call Canine Familiar     Summ           14%        N/A       19%         3
 Confusing Touch          Hex            14%        N/A       19%         3
 Frozen Ramparts          Ice            28%        1d4       19%         3
 Gell's Gravitas          Tloc           14%        N/A       19%         3
 Inner Flame              Hex/Fire       14%        N/A       19%         3
 Lesser Beckoning         Tloc           14%        N/A       19%         3
 Mephitic Cloud           Conj/Pois/Air  14%        N/A       19%         3
 Ozocubu's Armour         Ice            14%        N/A       19%         3
 Portal Projectile        Hex/Tloc       28%        N/A       19%         3
 Summon Guardian Golem    Hex/Summ       14%        N/A       19%         3
 Teleport Other           Tloc           14%        N/A       19%         3
 Tukima's Dance           Hex            14%        N/A       19%         3
 Dragon Form              Tmut           43%        N/A       19%         7
 Eringya's Noxious Bog    Tmut/Pois      30%        N/A       47%         6
 Statue Form              Tmut/Erth      40%        N/A       47%         6
 Cause Fear               Hex            7%         N/A       52%         4
 Hailstorm                Conj/Ice       14%        3d5       52%         4
 Leda's Liquefaction      Hex/Erth       7%         N/A       52%         4
 Sticky Flame             Conj/Fire      14%        2d4       52%         4
 Summon Ice Beast         Ice/Summ       14%        N/A       52%         4
 Freezing Cloud           Conj/Ice/Air   7%         6-21      85%         5
 Lee's Rapid Deconstruct  Erth           7%         3d7*      85%         5
 Manifold Assault         Tloc           14%        N/A       85%         5
 Summon Forest            Summ/Tloc      7%         N/A       85%         5
 Summon Mana Viper        Hex/Summ       14%        N/A       85%         5
 Dispersal                Tloc           7%         N/A       100%        6
 Summon Cactus Giant      Summ           7%         N/A       100%        6
 Enfeeble                 Hex            7%         N/A       100%        7
 Malign Gateway           Summ/Tloc      7%         N/A       100%        7
 Monstrous Menagerie      Summ           7%         N/A       100%        7
 Orb of Destruction       Conj           7%         9d6       100%        7
 Ozocubu's Refrigeration  Ice            7%         4d6       100%        7
 Spellforged Servitor     Conj/Summ      7%         N/A       100%        7
 Summon Hydra             Summ           7%         N/A       100%        7
 Discord                  Hex            7%         N/A       100%        8


Dungeon Overview and Level Annotations

Branches:
Dungeon (15/15)            Temple (1/1) D:7            Lair (6/6) D:11
  Swamp (4/4) Lair:4        Snake (4/4) Lair:2        Slime (5/5) Lair:6
    Orc (2/2) D:11            Elf (3/3) Orc:2        Vaults (5/5) D:13
  Crypt (0/3) Vaults:2     Depths (4/4) D:15           Hell (1/1)
    Dis (2/7) Hell            Geh (1/7) Hell            Coc (1/7) Hell
    Tar (3/7) Hell            Zot (1/5) Depths:4    Ossuary (visited)
 Bailey (visited)           IceCv (visited)

Shops:
D:1 [   D:12 ??[[   Orc:1 :   Orc:2 !:[*   Elf:1 [   Elf:2 =   Depths:4 =*

Portals:
Hell: Depths:1 Depths:2 Depths:3 Depths:4
Abyss: Depths:2 Depths:3 Depths:4
Pandemonium: Depths:2
Ziggurat: Depths:2

Annotations:
D:5 Blork the orc
Snake:2 Roxanne
Elf:2 3 runed translucent doors, exclusion: 3 doors
Depths:3 1 runed translucent door, exclusion: door


Innate Abilities, Weirdness & Mutations

You are an undead lich.
Your unarmed attacks are suffused with negative energy.
You are immune to unholy pain and torment.
Your necromantic spells are more powerful.
You cannot drink.
You are immune to poison.
You have an increased reservoir of magic. (+10% MP)
You shall have no god before yourself.
Your divine heritage dramatically boosts your attributes as you level up.
You are somewhat resistant to further mutation.
Your muscles are strong. (Str +2)


Message History

You slice the reaper!!
The reaper is almost dead.
You hit the bone dragon.
You hit the bone dragon but do no damage.
You block the reaper's attack. You block the bone dragon's attack.
The bone dragon claws you!
The bone dragon tramples you but does no damage.
A reaper comes into view.
It is wielding a +2 scythe of distortion.
Unknown command.
Unknown command.
Unknown command.
Unknown command.
As you read the scroll of teleportation, it crumbles to dust.
You feel strangely unstable. You block the reaper's attack.
The bone dragon bites you. You block the bone dragon's attack.
The bone dragon tramples you but does no damage.
The reaper hits you but does no damage. x2; Space warps horribly around you!
* * * LOW HITPOINT WARNING * * *
The bone dragon barely misses you. You block the bone dragon's attack.
The bone dragon closely misses you.
Unknown command.
Unknown command.
Unknown command.
The reaper attacks as you move away! The reaper completely misses you.
The bone dragon attacks as you move away!
The bone dragon completely misses you.
The bone dragon claws you but does no damage.
You block the bone dragon's attack.
The infernal howling subsides.
The bone dragon bites you.
* * * LOW HITPOINT WARNING * * *
The bone dragon claws you but does no damage.
The bone dragon tramples you but does no damage.
The reaper shouts, "You must die NOW!"
The reaper hits you from afar with a +1 scythe of flaming!!
* * * LOW HITPOINT WARNING * * *
The reaper burns you!
* * * LOW HITPOINT WARNING * * *
The reaper hits you from afar with a +2 scythe of distortion!!
You die...

...........#.#........##.........
..........###..#...#..##.........
.........###...........#.#.......
.........##....#...#....#........
........###..............##......
.........#...#.......#...##......
........#........D2.......#......
.........#...#...∩2..#...##......
#...............LD2......#.......
#################################


You could see 2 bone dragons and 3 reapers.

Vanquished Creatures
  the Royal Jelly (Slime:5)
  Bai Suzhen (Elf:3)
  Vashnia (Snake:3)
  6 caustic shrikes
  A curse toe (Zot:1)
  Geryon (Hell)
  3 golden dragons
  2 profane servitors
  4 bone dragons
  A Tzitzimitl (Hell)
  A doom hound (Hell)
  3 tentacled monstrosities
  2 walking crystal tomes
  A walking earthen tome (Depths:2)
  Mlioglotl (Snake:3)
  4 liches
  13 acid blobs
  2 deep elf master archers (Elf:3)
  2 deep elf blademasters (Elf:3)
  5 ancient champions
  Murray (Depths:3)
  The ghost of Cecur the Impaler, an adept FoFi of Hepliaklqana (Snake:2)
  A death cob (Zot:1)
  Frances (D:12)
  9 tentacled starspawn
  3 sphinxes
  3 storm dragons
  A shadow dragon (Vaults:4)
  2 tengu reavers
  2 thorn hunters
  5 nagarajas
  A revenant (Abyss:3)
  6 azure jellies
  9 rockslimes
  5 fire giants
  A quicksilver elemental (Dis:1)
  3 draconian monks
  A draconian knight (Depths:4)
  6 deep elf sorcerers
  6 frost giants
  A daeva (Abyss:2)
  3 ghouls (Swamp:1)
  A balrug (Depths:1)
  An orc warlord (Vaults:1)
  Louise (Depths:3)
  14 vault wardens
  3 iron dragons
  A juggernaut zombie (Abyss:3)
  Aizul (Snake:4)
  3 draconian shifters
  4 draconian scorchers
  4 deep elf elementalists
  2 spectral caustic shrikes (Tar:1)
  2 war gargoyles
  A spriggan defender (Depths:3)
  11 reapers
  4 stone giants
  9 ironbound preservers
  4 draconian annihilators
  29 very ugly things
  13 quicksilver oozes
  4 vampire knights
  3 green draconians
  A juggernaut skeleton (Abyss:2)
  2 draconian stormcallers (Zot:1)
  4 eleionomae
  10 ironbound thunderhulks
  4 deep elf annihilators (Elf:3)
  6 deep elf demonologists
  A white draconian (Zot:1)
  2 yellow draconians (Zot:1)
  4 black draconians (Depths:4)
  A putrid mouth (Tar:1)
  9 dire elephants
  3 purple draconians
  3 red draconians
  A bunyip (Swamp:3)
  2 entropy weavers
  A lorocyproca (Abyss:3)
  A minotaur (Depths:3)
  2 iron golems
  8 deep elf death magi
  A green death (Depths:2)
  7 ettins
  2 shambling mangroves (Swamp:4)
  2 jiangshi (Depths:4)
  4 deep elf high priests
  A crystal guardian (Vaults:3)
  A blizzard demon (Hell)
  A merfolk impaler (Depths:1)
  6 yaktaur captains
  11 great orbs of eyes
  10 fire dragons
  8 salamander tyrants
  26 vault guards
  19 hydras
  10 naga warriors
  Erolcha (D:13)
  2 peacekeepers
  3 boulder beetles
  4 spriggan air magi
  10 ironbound frosthearts
  3 rakshasas
  9 ice dragons
  A juggernaut simulacrum (Coc:1)
  5 two-headed ogres
  A ghost crab (Swamp:1)
  17 anacondas
  An ogre mage (D:15)
  19 centaur warriors
  10 dancing weapons
  12 alligators
  A radroach (shapeshifter) (Vaults:4)
  A catoblepas (Lair:5)
  2 vampire magi
  7 death yaks
  4 tengu warriors
  7 deep troll earth magi
  2 deep troll shamans
  A death yak (shapeshifter) (Vaults:3)
  4 hell hogs (Hell)
  3 orc high priests
  22 naga sharpshooters
  4 spriggan berserkers
  A spectral naga (Tar:2)
  12 shock serpents
  A shock serpent (shapeshifter) (Abyss:3)
  Urug (Lair:6)
  8 sun demons
  2 titan zombies
  Amaemon (Orc:1)
  15 salamander mystics
  14 thrashing horrors
  14 deep elf knights
  5 iron trolls
  22 hell knights
  6 soul eaters
  10 wretched stars
  5 goliath frogs
  2 sixfirhies (Abyss:3)
  2 shadow wraiths
  7 spatial maelstroms (Abyss:3)
  An anaconda zombie (Abyss:4)
  10 swamp dragons
  4 spriggan druids
  31 deep trolls
  11 deep elf archers
  2 flayed ghosts
  7 glowing orange brains
  4 phantasmal warriors
  A shadow dragon zombie (Hell)
  3 naga ritualists
  16 ironbound convokers
  7 necromancers
  A sphinx zombie (Hell)
  12 lindwurms
  2 lindwurms (shapeshifter)
  12 bog bodies
  8 wizards
  7 mana vipers
  A tengu zombie (Hell)
  19 large abominations
  20 deep elf pyromancers
  7 orc knights
  20 deep elf zephyrmancers
  3 harpies (Vaults:3)
  2 shining eyes
  8 spectral spriggans
  2 fire giant zombies (Hell)
  A cyclops (shapeshifter) (D:15)
  3 stone giant zombies
  A frost giant zombie (Hell)
  4 orc sorcerers
  3 moths of wrath
  3 will-o-the-wisps (Swamp:1)
  43 ugly things
  4 worldbinders
  46 salamanders
  9 cyclopes
  8 elephants
  The ghost of CowFu the Basher, a novice GrFi of Hepliaklqana (D:7)
  16 naga magi
  2 rust devils
  9 guardian serpents
  7 smoke demons
  A spectral centaur (Tar:1)
  11 vault sentinels
  35 black mambas
  Maurice (Orc:1)
  16 cane toads
  4 ice statues
  4 eyes of devastation
  4 orange demons
  A torpor snail (shapeshifter) (Elf:3)
  A storm dragon simulacrum (Coc:1)
  7 torpor snails
  9 rime drakes
  7 komodo dragons
  4 kobold demonologists
  An unseen horror (Abyss:2)
  4 hellions
  26 yaktaurs
  2 demonic crawlers
  2 entropy weaver simulacra (IceCv)
  A komodo dragon (shapeshifter) (Abyss:3)
  4 hellwings
  10 ancient zymes
  4 efreet
  6 freezing wraiths
  A red devil (Abyss:3)
  6 tormentors
  5 trolls
  5 tengu conjurers
  A queen bee (D:13)
  16 ice devils
  A spectral harpy (Tar:2)
  6 meliai (D:13)
  11 tyrant leeches
  3 polar bears
  90 slime creatures
  An ettin zombie (Hell)
  7 dream sheep (Lair:6)
  15 raiju
  21 hornets
  22 blink frogs
  2 spriggan zombies (Hell)
  5 ynoxinuls
  2 air elementals
  A dire elephant simulacrum (IceCv)
  9 flying skulls
  2 shadows
  A wraith (D:13)
  42 yaks
  2 vampires
  12 spriggans
  11 wyverns
  3 fire elementals (Elf:2)
  3 basilisks
  20 small abominations
  6 water elementals
  7 humans
  4 spatial vortices (Abyss:3)
  A neqoxec (Abyss:2)
  12 golden eyes
  4 chaos spawn
  2 redbacks (Vaults:2)
  2 steam dragons
  12 vampire mosquitoes
  3 death yak simulacra (IceCv)
  6 harpy simulacra
  3 wargs
  2 two-headed ogre zombies (D:11)
  13 swamp worms
  51 nagas
  4 acid dragons
  A hydra simulacrum (Elf:2)
  2 hell hounds (Abyss:3)
  A warg (shapeshifter) (Depths:4)
  11 water moccasins
  A water moccasin (shapeshifter) (Depths:4)
  2 floating eyes
  8 swamp drakes
  3 ice beasts (D:7)
  35 orc warriors
  A merfolk simulacrum (Coc:1)
  12 ogres
  4 boggarts (Vaults:1)
  A sky beast (D:6)
  A fire dragon simulacrum (Elf:2)
  6 black bears
  2 black mamba simulacra (Elf:2)
  28 wolves
  18 centaurs
  4 elf zombies (Elf:1)
  3 phantoms
  3 kobold brigands
  12 bullfrogs
  4 earth elementals
  A two-headed ogre simulacrum (IceCv)
  A necrophage (D:6)
  2 gnoll sergeants
  3 cane toad simulacra (IceCv)
  2 scorpions
  12 wights
  8 elephant simulacra (IceCv)
  4 troll zombies (D:11)
  29 killer bees
  6 howler monkeys
  6 electric eels
  2 jellies (Lair:6)
  5 quasits
  18 starcursed masses (Abyss:3)
  2 hounds
  12 orc priests
  An iron imp (Abyss:3)
  A gnoll shaman (D:9)
  12 iguanas
  20 orc wizards
  7 hell rats (Lair:5)
  A spriggan simulacrum (IceCv)
  4 polar bear simulacra
  3 troll simulacra
  5 wolf simulacra
  2 ogre zombies (D:11)
  9 mummies
  5 adders
  17 gnolls
  5 naga simulacra
  A river rat (Bailey)
  2 shadow imps
  3 white imps
  2 ufetubi
  A worm (D:3)
  79 orcs
  7 ball pythons
  2 bats (D:1)
  9 endoplasms
  2 giant cockroaches
  8 goblins
  7 hobgoblins
  12 jackals (D:1)
  3 quokkas
  4 frilled lizards (D:1)
  3 gnoll zombies (Ossuary)
  A goblin skeleton (D:11)
  A goblin zombie (D:11)
  8 hobgoblin zombies
  20 kobolds
  3 kobold zombies
  2 orc skeletons (D:11)
  17 orc zombies
  8 rats
  5 briar patches (Swamp:4)
  A fire vortex (Hell)
  4 starspawn tentacles
2286 creatures vanquished.

Vanquished Creatures (collateral kills)
  Saint Roka (Vaults:2)
  A bone dragon (Depths:4)
  A tentacled monstrosity (Depths:1)
  A lich (Depths:2)
  A walking crystal tome (Depths:3)
  A walking frostbound tome (Depths:3)
  2 acid blobs (Slime:5)
  An azure jelly (Slime:5)
  A thorn hunter (Swamp:4)
  A shadow dragon (Depths:3)
  A nagaraja (Snake:3)
  A frost giant (Depths:3)
  A rockslime (Slime:5)
  A deep elf sorcerer (Elf:3)
  5 ironbound preservers
  3 stone giants
  A very ugly thing (Depths:2)
  A dire elephant (Vaults:2)
  A hydra (Swamp:4)
  A naga sharpshooter (Snake:4)
  A hell knight (Depths:1)
  4 deep trolls
  A swamp dragon (Swamp:4)
  A naga ritualist (Snake:4)
  2 lindwurms (Vaults:1)
  A deep elf archer (Elf:3)
  2 ugly things
  A salamander (Snake:3)
  A smoke demon (Abyss:2)
  2 yaktaurs
  A hellwing (Abyss:2)
  An ice devil (Hell)
  2 slime creatures (Slime:5)
  A large abomination (Abyss:3)
  An orc warrior (Vaults:2)
  3 wights (Abyss:2)
  A killer bee (D:13)
  An orc priest (Vaults:2)
  An iron imp (Abyss:2)
  An orc wizard (Vaults:2)
  An orc (Vaults:2)
57 creatures vanquished.

Vanquished Creatures (others)
  A sixfirhy (Abyss:3)
  2 wizards
  3 bloated husks (Swamp:1)
  A human (D:13)
  2 orc priests (Orc:2)
  An iguana (D:6)
  A quokka (D:4)
  A creeping inferno (Hell)
  4 demonic plants (Abyss:3)
  A fire vortex (Hell)
  10 foxfires (Swamp:1)
  42 fungi
  2 lurking horrors (Abyss:3)
  67 plants
  18 starspawn tentacles
156 creatures vanquished.

Grand Total: 2499 creatures vanquished

Notes
Turn   | Place    | Note
-------+----------+-------------------------------------------
     0 | D:1      | drugrobin the Demigod Fighter began the quest for the Orb.
     0 | D:1      | Reached XP level 1. HP: 18/18 MP: 3/3
   102 | D:1      | Reached XP level 2. HP: 2/25 MP: 4/4
   449 | D:1      | Reached skill level 3 in Fighting
   762 | D:1      | Reached XP level 3. HP: 31/31 MP: 5/5
  1648 | D:1      | Found Kixuet's Antique Armour Shop.
  2871 | D:3      | Reached XP level 4. HP: 33/38 MP: 6/6
  4532 | D:4      | Reached XP level 5. HP: 41/45 MP: 7/7
  6036 | D:5      | Entered Level 5 of the Dungeon
  6036 | D:5      | Noticed an ogre
  6041 | D:5      | Killed an ogre
  6042 | D:5      | Reached skill level 4 in Fighting
  6042 | D:5      | Reached XP level 6. HP: 52/52 MP: 8/8
  6060 | D:5      | Identified the +2 ring mail of Ymips {rF+ Str+4}
  6472 | D:1      | Bought a pair of distressingly furry gloves for 180 gold
                  | pieces
  6472 | D:1      | Identified the -6 pair of gloves of Restlessness {Int+5}
                  | (You bought it in a shop on level 1 of the Dungeon)
  7072 | D:1      | Bought a pair of embroidered boots for 142 gold pieces
  7225 | D:5      | Reached XP level 7. HP: 60/60 MP: 9/9
  8275 | D:5      | Noticed Blork the orc
  8395 | D:6      | Reached skill level 5 in Fighting
  8395 | D:6      | Reached skill level 5 in Armour
  8395 | D:6      | Reached skill level 5 in Shields
  8579 | D:6      | Found a sand-covered staircase.
  8602 | Ossuary  | Entered an ossuary
  8906 | Ossuary  | Reached XP level 8. HP: 68/68 MP: 10/10
  9408 | D:6      | Reached skill level 5 in Axes
 10562 | D:7      | Found a transporter.
 10568 | D:7      | Found a transporter.
 10575 | D:7      | Noticed CowFu's ghost (novice GrFi)
 10602 | D:7      | Found a staircase to the Ecumenical Temple.
 10656 | D:7      | Reached skill level 6 in Fighting
 10683 | Temple   | Entered the Ecumenical Temple
 11702 | D:7      | Noticed a moth of wrath
 11843 | D:8      | Reached XP level 9. HP: 73/75 MP: 11/11
 11852 | D:8      | Identified the +6 chain mail of the Lumpy Xeniums {Fly
                  | rCorr Str-2 Dex-3}
 12153 | D:8      | Found a flagged portal.
 12180 | Bailey   | Entered a bailey
 13187 | Bailey   | Reached skill level 7 in Fighting
 14616 | Bailey   | Reached XP level 10. HP: 54/86 MP: 7/13
 15482 | D:9      | Reached skill level 8 in Fighting
 16509 | D:10     | Entered Level 10 of the Dungeon
 16684 | D:9      | Reached skill level 9 in Fighting
 17586 | D:10     | Noticed a two-headed ogre
 17638 | D:10     | Killed a two-headed ogre
 18124 | D:10     | Identified the +5 flail of Superiority {vorpal, rElec rC+
                  | Will+}
 18173 | D:11     | Found a staircase to the Orcish Mines.
 18465 | D:11     | Reached XP level 11. HP: 93/99 MP: 14/14
 18643 | D:11     | Identified the +9 quarterstaff of Red Wine {spect, Dex+2}
 18975 | D:11     | Reached skill level 10 in Fighting
 19367 | D:11     | Found a staircase to the Lair.
 19439 | Lair:1   | Entered Level 1 of the Lair of Beasts
 20342 | Lair:1   | Reached skill level 11 in Fighting
 20853 | Lair:2   | Found a staircase to the Snake Pit.
 22139 | Lair:3   | Identified the +1 flail of Lihazu Xee {vorpal, Dex+4}
 22335 | Lair:3   | Reached XP level 12. HP: 98/112 MP: 13/15
 22585 | Lair:3   | Reached skill level 10 in Armour
 22585 | Lair:3   | Reached skill level 10 in Shields
 22586 | Lair:3   | Reached skill level 12 in Fighting
 22882 | Lair:4   | Reached skill level 10 in Axes
 23950 | Lair:4   | Found a staircase to the Swamp.
 23975 | Lair:4   | Reached skill level 13 in Fighting
 24314 | Lair:5   | Noticed a boulder beetle
 24337 | Lair:4   | Killed a boulder beetle
 24565 | Lair:5   | Noticed a six-headed hydra
 24579 | Lair:4   | Killed a two-headed hydra
 25407 | Lair:5   | Noticed a five-headed hydra
 25424 | Lair:5   | Killed a two-headed hydra
 25768 | Lair:5   | Noticed a catoblepas
 25793 | Lair:5   | Killed a catoblepas
 25794 | Lair:5   | Reached XP level 13. HP: 98/123 MP: 12/16
 26624 | Lair:5   | Got the Catalogue of the Boiling Point
 26856 | Lair:6   | Entered Level 6 of the Lair of Beasts
 26878 | Lair:5   | Reached skill level 14 in Fighting
 27724 | Lair:6   | Noticed Urug
 27752 | Lair:6   | Killed Urug
 27927 | Lair:6   | Found a staircase to the Slime Pits.
 30489 | Lair:6   | Found a runed translucent door.
 30657 | Lair:6   | Reached XP level 14. HP: 111/133 MP: 14/17
 30757 | Lair:6   | Paralysed by a hornet for 2 turns
 31000 | Lair:6   | Reached skill level 15 in Fighting
 31475 | D:11     | Gained mutation: You sometimes lose the ability to read
                  | scrolls when taking damage. [a neqoxec]
 31477 | D:11     | Lost mutation: You sometimes lose the ability to read
                  | scrolls when taking damage. [potion of mutation]
 31477 | D:11     | Gained mutation: You are somewhat resistant to further
                  | mutation. [potion of mutation]
 31477 | D:11     | Gained mutation: Your muscles are strong. (Str +2) [potion
                  | of mutation]
 31730 | Orc:1    | Entered Level 1 of the Orcish Mines
 31734 | Orc:1    | Noticed Maurice
 31928 | Orc:1    | Killed Maurice
 31983 | Orc:1    | Noticed Amaemon
 32001 | Orc:1    | Killed Amaemon
 32266 | Orc:2    | Entered Level 2 of the Orcish Mines
 32502 | Orc:2    | Found a staircase to the Elven Halls.
 32578 | Orc:2    | Found a frozen archway.
 32826 | IceCv    | Entered an ice cave
 34665 | Orc:1    | Found Xorra's Book Boutique.
 34929 | Orc:1    | Learned a level 4 spell: Animate Dead
 35794 | Orc:1    | Reached skill level 1 in Necromancy
 36230 | Orc:2    | Found Iclivos's General Store.
 36230 | Orc:2    | Found Nigyphe's Distillery.
 36232 | Orc:2    | Found Nireut's Armour Shoppe.
 36232 | Orc:2    | Found Doucazeb's Book Shop.
 36238 | Orc:2    | Bought a scroll of enchant weapon for 97 gold pieces
 36241 | Orc:2    | Bought a +2 helmet of intelligence for 258 gold pieces
 36255 | Orc:2    | Bought a potion of lignification for 42 gold pieces
 36255 | Orc:2    | Bought a potion of haste for 140 gold pieces
 36255 | Orc:2    | Bought a potion of berserk rage for 70 gold pieces
 36269 | Orc:2    | Bought a +2 buckler of reflection for 222 gold pieces
 36445 | D:12     | Found Qyrexi's Magic Scroll Emporium.
 36589 | D:12     | Bought a scroll of acquirement for 780 gold pieces
 36589 | D:12     | Acquired the +7 tower shield "Laphycs" {rF+ Slay+2}
 36739 | D:12     | Found Lufink's Antique Armour Shoppe.
 36740 | D:12     | Noticed Frances
 36779 | D:12     | Killed Frances
 37164 | D:12     | Found Guzo's Magic Scroll Emporium.
 37183 | D:12     | Bought a scroll of teleportation for 51 gold pieces
 37395 | D:12     | Found Asocrih's Armour Boutique.
 37403 | D:12     | Bought the +2 helmet of Winter {Contam rN+ Str+4 Int+3} for
                  | 417 gold pieces
 38304 | D:13     | Noticed Erolcha
 38322 | D:13     | Killed Erolcha
 38803 | D:13     | Reached XP level 15. HP: 143/143 MP: 18/18
 38828 | D:13     | Reached skill level 16 in Fighting
 39114 | D:13     | Found a gate to the Vaults.
 40646 | D:14     | Found a gateway to a bazaar.
 40675 | Bazaar   | Entered a bazaar
 40675 | Bazaar   | Found Soph's Jewellery Shoppe.
 40675 | Bazaar   | Found Awkid's Antique Weapon Boutique.
 40675 | Bazaar   | Found Enuol's Weapon Shoppe.
 40675 | Bazaar   | Found Yqicruur's Antique Weapon Shop.
 40677 | Bazaar   | Found Fadafodd's Weapon Emporium.
 41374 | D:15     | Entered Level 15 of the Dungeon
 42227 | D:15     | Reached skill level 5 in Necromancy
 42305 | D:15     | Found a staircase to the Depths.
 42771 | Swamp:1  | Entered Level 1 of the Swamp
 43266 | Swamp:1  | Noticed a thorn hunter
 43282 | Swamp:1  | Killed a thorn hunter
 45239 | Swamp:1  | Reached skill level 15 in Shields
 45297 | Swamp:1  | Identified the +7 chain mail "Qixuc" {Will+++ rCorr Str-3
                  | Int+4}
 45726 | Swamp:2  | Reached XP level 16. HP: 139/154 MP: 19/19
 45961 | Swamp:2  | Reached skill level 15 in Axes
 47157 | Swamp:4  | Entered Level 4 of the Swamp
 47178 | Swamp:3  | Reached skill level 17 in Fighting
 49461 | Swamp:4  | Got a decaying rune of Zot
 50066 | Slime:1  | Entered Level 1 of the Pits of Slime
 50287 | D:7      | Killed CowFu's ghost
 50295 | D:7      | Identified the ring of Furus {rPois rC++ rN+ SInv Stlth-}
 50512 | Snake:1  | Entered Level 1 of the Snake Pit
 53477 | Snake:2  | Reached XP level 17. HP: 137/163 MP: 16/20
 53483 | Snake:2  | Found a runed translucent gate.
 53484 | Snake:2  | Found a runed translucent gate.
 53575 | Snake:2  | Reached skill level 18 in Fighting
 54080 | Snake:2  | Noticed Roxanne
 54508 | Snake:2  | Found a runed translucent gate.
 54865 | Snake:2  | Noticed Cecur's ghost (adept FoFi)
 55059 | Snake:2  | Killed Cecur's ghost
 55060 | Snake:2  | Reached skill level 10 in Necromancy
 55068 | Snake:2  | Learned a level 2 spell: Wereblood
 55181 | Snake:3  | Noticed Vashnia
 55396 | Snake:2  | Reached skill level 1 in Transmutations
 57436 | Snake:3  | Noticed Mlioglotl
 57449 | Snake:3  | Paralysed by accursed screaming for 1 turns
 57451 | Snake:3  | Killed Mlioglotl
 59560 | Snake:3  | Killed Vashnia
 60154 | Snake:4  | Entered Level 4 of the Snake Pit
 61321 | Snake:4  | Reached skill level 5 in Transmutations
 61899 | Snake:4  | Reached XP level 18. HP: 146/174 MP: 18/21
 63620 | Snake:4  | Noticed Aizul
 63634 | Snake:4  | Killed Aizul
 63635 | Snake:4  | Reached skill level 19 in Fighting
 64224 | Snake:4  | Got a serpentine rune of Zot
 64697 | Vaults:1 | Entered Level 1 of the Vaults
 64725 | Vaults:1 | Learned a level 6 spell: Death Channel
 68225 | Vaults:2 | Found a staircase to the Crypt.
 68696 | Vaults:2 | Noticed Saint Roka
 68726 | Vaults:2 | Killed Saint Roka
 68737 | Vaults:2 | Reached XP level 19. HP: 76/183 MP: 8/22
 70554 | Vaults:2 | Identified the +2 helmet of Reason {Dex+5 SInv}
 70904 | Vaults:2 | You fall into a shaft and drop 2 floors!
 71335 | Vaults:3 | Reached skill level 1 in Evocations
 72266 | Vaults:3 | Identified the +10 plate armour of Lyddyet {Dex+4}
 73519 | Vaults:3 | Reached skill level 20 in Fighting
 73682 | Vaults:3 | Reached skill level 15 in Necromancy
 73718 | Vaults:3 | Acquired 788 gold pieces
 75090 | Vaults:4 | Reached XP level 20. HP: 158/193 MP: 12/24
 76016 | Depths:1 | Entered Level 1 of the Depths
 76235 | Depths:1 | Reached skill level 5 in Evocations
 76410 | Depths:1 | Reached skill level 10 in Transmutations
 76825 | Depths:1 | Cast into level 2 of the Abyss (hell knight)
 77270 | Depths:1 | Escaped the Abyss
 77714 | Depths:1 | Noticed a golden dragon
 77748 | Depths:1 | Killed a golden dragon
 78557 | Depths:1 | Found a gateway to Hell.
 78592 | Hell     | Entered the Vestibule of Hell
 78592 | Hell     | Noticed Geryon
 78613 | Hell     | Killed Geryon
 79337 | Depths:2 | Found a one-way gateway to a ziggurat.
 79661 | Depths:2 | Noticed a golden dragon
 79677 | Depths:2 | Noticed a caustic shrike
 79686 | Depths:2 | HP: 7/195 [caustic shrike (15)]
 80366 | Elf:1    | Entered Level 1 of the Elven Halls
 80397 | Elf:1    | Found Zygiubie's Antique Armour Emporium.
 80456 | Elf:1    | Bought a heavily runed chain mail for 294 gold pieces
 80456 | Elf:1    | Identified the +8 chain mail "Tuixtoe" {+Blink} (You bought
                  | it in a shop on level 1 of the Elven Halls)
 80832 | Elf:1    | Got the Collected Works on Black Arts
 81828 | Elf:2    | Found Jomis's Jewellery Shop.
 81836 | Elf:2    | Bought an amulet of regeneration for 360 gold pieces
 81939 | Elf:2    | Found a runed translucent gate.
 81939 | Elf:2    | Found a runed translucent gate.
 82021 | Elf:2    | Paralysed by an air elemental for 1 turns
 82336 | Elf:2    | Got the Disquisition on Ice
 82612 | Elf:2    | Found a runed translucent gate.
 82668 | Elf:3    | Entered Level 3 of the Elven Halls
 82949 | Elf:3    | Noticed Bai Suzhen
 82975 | Elf:3    | Killed Bai Suzhen
 83003 | Elf:3    | Reached XP level 21. HP: 180/203 MP: 25/25
 83548 | Elf:3    | Paralysed by an air elemental for 1 turns
 83894 | Elf:3    | Reached skill level 21 in Fighting
 84819 | Elf:3    | Identified the +9 ring mail "Aphad" {rC++ Regen+ rCorr
                  | Str-2}
 84819 | Elf:3    | Identified the ring of Fiom {rF+ Dex+5}
 85423 | Elf:3    | Identified the +3 falchion of the Bursted God {vorpal, rC+}
 85533 | Elf:3    | Got Neqos's Almanac of the Secret Servitors
 86082 | Hell     | Noticed Murray
 86222 | Depths:2 | Found a one-way gate to the infinite horrors of the Abyss.
 86340 | Depths:2 | Killed a golden dragon
 86602 | Depths:2 | Killed a caustic shrike
 86644 | Depths:2 | You fall into a shaft and drop 1 floor!
 86841 | Depths:2 | Found a one-way gate leading to the halls of Pandemonium.
 87444 | Depths:3 | Noticed a caustic shrike
 87445 | Depths:3 | Noticed Louise
 87446 | Depths:3 | Noticed a caustic shrike
 87448 | Depths:3 | Noticed a caustic shrike
 87453 | Depths:3 | Noticed a caustic shrike
 87477 | Depths:2 | Killed a caustic shrike
 87612 | Depths:2 | Killed a caustic shrike
 87770 | Depths:2 | Killed a caustic shrike
 87909 | Depths:3 | Killed a caustic shrike
 88107 | Depths:3 | Killed Louise
 88615 | Depths:3 | Killed Murray
 89068 | Hell     | Found a gateway to the freezing wastes of Cocytus.
 89738 | Depths:3 | Found a runed translucent door.
 89756 | Depths:3 | Identified the amulet "Utah Oseepn" {Faith Rampage Str+2
                  | Int-3}
 89756 | Depths:3 | Noticed a caustic shrike
 89756 | Depths:3 | Noticed a golden dragon
 89766 | Depths:3 | Found a runed translucent door.
 89830 | Depths:3 | Identified the +10 lajatang of Exoneration {freeze, Fly rC-
                  | Dex+8}
 89883 | Depths:3 | Identified the +6 broad axe of the Endless Expanse {speed,
                  | Fly rPois rF- Will+}
 90046 | Depths:3 | Killed a caustic shrike
 90049 | Depths:3 | Killed a golden dragon
 90059 | Depths:3 | Reached XP level 22. HP: 108/215 MP: 20/26
 90069 | Depths:3 | Noticed a juggernaut
 90238 | Depths:4 | Entered Level 4 of the Depths
 90408 | Depths:4 | Reached skill level 22 in Fighting
 90417 | Depths:4 | Reached skill level 1 in Spellcasting
 90721 | Orc:1    | Bought the Reference Book on Shifting Dislocation for 644
                  | gold pieces
 90730 | Orc:1    | Learned a level 8 spell: Necromutation
 91634 | Depths:4 | Learned a level 5 spell: Borgnjor's Vile Clutch
 91692 | Depths:4 | Found Niass's Jewellery Emporium.
 91694 | Depths:4 | Found Vecafaf's Assorted Antiques.
 91701 | Depths:4 | Bought a scroll of teleportation for 54 gold pieces
 91932 | Depths:4 | Reached skill level 5 in Spellcasting
 92260 | Depths:4 | Found a gate to the Realm of Zot.
 93709 | Vaults:5 | Entered Level 5 of the Vaults
 93716 | Vaults:5 | Reached skill level 1 in Dodging
 94257 | Hell     | Found a gateway to the Iron City of Dis.
 94489 | Hell     | Found a gateway to the ashen valley of Gehenna.
 94520 | Hell     | Found a gateway to the decaying netherworld of Tartarus.
 94621 | Coc:1    | Entered Level 1 of Cocytus
 95306 | Depths:2 | Voluntarily entered the Abyss.
 97201 | Abyss:3  | Reached skill level 5 in Dodging
 97201 | Abyss:3  | Reached XP level 23. HP: 157/220 MP: 32/40
 97201 | Abyss:3  | Reached XP level 24. HP: 163/229 MP: 32/40
 97201 | Abyss:3  | Got an abyssal rune of Zot
 97350 | Abyss:3  | Paralysed by accursed screaming for 1 turns
 97355 | Abyss:3  | Paralysed by accursed screaming for 1 turns
 97677 | Depths:2 | Escaped the Abyss
 97815 | Dis:1    | Entered Level 1 of the Iron City of Dis
 98257 | Geh:1    | Entered Level 1 of Gehenna
 98441 | Zot:1    | Entered Level 1 of the Realm of Zot
101354 | Slime:5  | Entered Level 5 of the Pits of Slime
101390 | Slime:3  | Reached XP level 25. HP: 195/238 MP: 40/40
101591 | D:12     | Bought a scroll of torment for 112 gold pieces
101591 | D:12     | Bought a scroll of teleportation for 45 gold pieces
102196 | Slime:5  | Noticed the Royal Jelly
102218 | Slime:5  | Killed the Royal Jelly
102411 | Slime:5  | HP: 4/238 [rockslime[the Royal Jelly] (34)]
102983 | Slime:5  | Identified the +8 broad axe of Vyqu Ugo {flame, Int+4}
102999 | Slime:5  | Found the +7 mace of Variability {chain chaos}
103030 | Slime:5  | Got a slimy rune of Zot
103101 | Slime:5  | Identified the +6 war axe "Qyfeyluj" {antimagic, rF- rN+++
                  | rCorr Str-2}
103707 | Tar:1    | Entered Level 1 of Tartarus
104072 | Hell     | Reached skill level 10 in Dodging
104079 | Hell     | Mangled by a reaper

Illustrated notes

Levels and vault maps discovered:
D:1:      mrwooster_arrival_statue, layout_basic, serial_shops,
          nicolae_shop_behind_doors
D:2:      layout_basic, minmay_pentomino_x2
D:3:      layout_loops_ring, serial_rivers, chequers_serial_rivers_small_b,
          chequers_serial_rivers_micro_a, chequers_serial_rivers_small_3,
          chequers_serial_rivers_small_b,
          hellmonk_ecumenical_altar_inner_sanctum
D:4:      layout_layer_cave, elyvilon_altar_4, minmay_manual_mail
D:5:      layout_basic, tgw_sif, kennysheep_generic_room_16
D:6:      layout_basic, nicolae_ossuary_entry_giza, minmay_hedge_maze,
          lemuel_flame_loot_1
D:7:      layout_gridville, minmay_temple_entry_glass,
          gammafunk_ghost_berserking_beasts, nicolae_grassy_gnolls
D:8:      layout_cave_pools, mainiacjoe_overflow_paths, lemuel_crystal_altar,
          enter_bailey_2
D:9:      layout_small_grid, chequers_serial_rivers_small_3
D:10:     layout_basic, nrook_mini_backslash
D:11:     layout_gridville, david_lair_generic, zombieorc2_lemuel,
          minmay_door_square, kennysheep_generic_room_8
D:12:     layout_rooms, serial_shops, nicolae_square_shop, shop,
          nicolae_shop_hallway_plus, shop_fountains, okawaru_humans,
          uniq_frances
D:13:     layout_basic, ximxim_vaults_locker_room, special_room
          [special_room_bee], grunt_gozag_breadcrumbs, uniq_erolcha
D:14:     layout_grid_maze, serial_shops, bzr_entry_road, doesnt_xom_only_xom
D:15:     grunt_enter_depths_snipers, layout_loops_cross, fedhas_altar_3
Temple:   nicolae_temple_no_exploring_needed
Lair:1:   layout_concentric_octagons, infiniplex_staircase_pool_2
Lair:2:   layout_long_grid, minmay_snake_entry_guardpost_small,
          lemuel_fruit_tree
Lair:3:   layout_regular_city
Lair:4:   layout_regular_city, nicolae_swamp_entry_splash_gauntlet,
          minivault_19, beast_lair_carwin_5
Lair:5:   dreamdust_isle_of_ice, layout_regular_city, basic_altar
Lair:6:   guppyfry_lair_end_dragon, layout_cave_pods, wormcave,
          minmay_slime_entry_pillars, grunt_forest_large_clearings, uniq_urug
Swamp:1:  nicolae_swamp_flooded_prison, layout_basic_swamp,
          hangedman_swamp_ruin_wall, swamp_pool2
Swamp:2:  layout_basic_swamp, nicolae_swamp_bean_lake
Swamp:3:  layout_basic_swamp, serial_swamp_ruin, evilmike_swamp_ruin_house_1,
          evilmike_swamp_ruin_house_6, evilmike_swamp_ruin_house_5, swamp_pool3,
          grunt_hermit_hut, infiniplex_staircase_pool
Swamp:4:  swamp_basic_johnstein, layout_basic_swamp, swamp_pool5
Snake:1:  cheibrodos_snake_lava_hold, layout_misc_corridors,
          nicolae_snake_serpentine_hallways
Snake:2:  layout_basic, basic_altar, ebering_ghost_rock_garden, uniq_roxanne
Snake:3:  layout_gridlike, nicolae_snake_salamander_stairs, grunt_megastairs_4,
          uniq_mlioglotl, uniq_vashnia
Snake:4:  johnstein_snake_rune_scales, layout_cave_town, uniq_aizul
Slime:1:  layout_caves
Slime:2:  layout_caves
Slime:3:  layout_caves
Slime:4:  layout_caves
Slime:5
Orc:1:    layout_caves, serial_shops, nicolae_shop_statue_plus, uniq_maurice,
          uniq_amaemon
Orc:2:    grunt_orc_tribal_feast, layout_caves, portal_ice_cave_demonic_guard
Elf:1:    layout_gridlike, serial_shops, shop_fountains, minmay_elf_necromancy,
          amethyst_killhole, lemuel_flamethrower_3, grunt_megastairs_2
Elf:2:    elven_hall_of_blades_hangedman_original [mumra_blade_entry_dagger],
          layout_gridlike, serial_shops, nicolae_shop_trees, dk_noncrumbling_4,
          hangedman_research_thermodynamics, uniq_louise, uniq_donald
Elf:3:    elf_hall, layout_gridlike, uniq_bai_suzhen
Vaults:1: v_alt_pattern_6, nicolae_vaults_angled_halls,
          nicolae_vaults_inception_statues, nicolae_vaults_diagonal_hallway_7,
          v_misc_18, ontoclasm_vaults_misaligned, v_pattern_2,
          hangedman_vaults_restitches, hangedman_vaults_trim,
          nicolae_vaults_three_branches, nicolae_vaults_diagonal_hallway_8,
          vaults_dpeg_hooks, nicolae_vaults_little_ls, layout_vaults_omnicross
Vaults:2: hangedman_vaults_slice, minmay_crypt_entry_necro_gods, v_rooms_2,
          ontoclasm_vaults_decontamination, v_misc_9, vaults_standard_mumra_x,
          nicolae_vaults_network_star, hangedman_vaults_snaps,
          grunt_vaults_diagonal, layout_vaults_omnigrid, uniq_saint_roka
Vaults:3: ontoclasm_vaults_misaligned, v_misc_16,
          nicolae_vaults_yaktaur_gun_rack, nicolae_vaults_border_crossing,
          vaults_mumra_chevron_long, st_eye, nicolae_vaults_network_periphery,
          v_misc_10, v_misc_30, v_misc_30, nicolae_vaults_little_squares_6,
          layout_vaults_ring
Vaults:4: v_pattern_1, ontoclasm_vaults_gallery,
          nicolae_vaults_windows_and_doors_thing, v_rooms_1,
          hangedman_vaults_stagger, v_misc_11, ontoclasm_vaults_chip,
          vaults_room_semicircle, layout_vaults_chaotic_city
Vaults:5: serial_shops
Depths:1: layout_gridlike, grunt_decor_one_mirror, grunt_hell_entry_dis_mu,
          nicolae_kikubaaqudgha_miasma_corner, serial_bayou_shore_b,
          kennysheep_cross_landing
Depths:2: minmay_bloctagon, layout_gridlike, enter_ziggurat_c,
          hangedman_coc_ice_floe, rand_demon_pan_entry_3, lemuel_crystal_altar,
          abyss_entry
Depths:3: minmay_expanding_circles, layout_cave_pools,
          nicolae_abyss_entry_one_way_or_another, pf_dread_powers_of_hell,
          basic_altar, beargit_hepliaklqana_dungeon_heroes
Depths:4: grunt_zot_entry_funnels, layout_long_grid,
          cheibrodos_ashenzari_chains, abyss_entry, hell_entry,
          grunt_megastairs_1, minmay_shoptagon
Hell
Dis:1:    layout_regular_city, lemuel_dis_dragons
Dis:2:    layout_gridville, nicolae_dis_having_a_grate_time
Geh:1:    layout_gehenna_pools_basic
Coc:1:    layout_ice_bergs
Tar:1:    layout_honeycomb
Tar:2:    layout_catacombs
Tar:3:    layout_catacombs
Zot:1:    nicolae_zot_stationary_front, layout_gridlike, grunt_megastairs_5

Skill      XL: |  1  2  3  4  5  6  7  8  9 10 11 12 13 14 15 16 17 18 19 20 21 22 23 24 25 |
---------------+----------------------------------------------------------------------------+-----
Axes           | 2 3 4 5 7 8 9 11 12 13 14 16 17 18 | 18.0
Armour         | 3 4 5 6 7 8 9 10 12 | 12.1
Fighting       | 3 4 5 6 7 9 11 13 14 15 16 17 18 19 20 21 22 | 22.2
Shields        | 3 4 5 6 7 8 9 11 12 14 15 | 15.0
Necromancy     | 3 6 9 11 13 15 17 19 20 | 20.0
Transmutations | 5 7 9 11 12 13 | 13.8
Evocations     | 4 5 |  5.0
Spellcasting   | 7 |  7.7
Dodging        | 5 8 10 | 10.0

Action                   |  1- 3 |  4- 6 |  7- 9 | 10-12 | 13-15 | 16-18 | 19-21 | 22-24 | 25-27 || total
-------------------------+-------+-------+-------+-------+-------+-------+-------+-------+-------++-------
Melee: War axe           |   152 |    23 |   348 |   384 |       |       |       |       |       ||   907
       Dagger            |     8 |     7 |   101 |    53 |    15 |       |       |       |       ||   184
       Flail             |     6 |   120 |     5 |     5 |    57 |    77 |    34 |    10 |       ||   314
       Broad axe         |       |       |       |   310 |  1235 |  1530 |  1865 |  1723 |   351 ||  7014
       Demon whip        |       |       |       |       |    11 |     9 |    11 |     3 |       ||    34
Throw: Boomerang         |       |    14 |    49 |    13 |    13 |       |       |       |       ||    89
       Throwing net      |       |     1 |       |       |       |       |       |       |       ||     1
       Dart              |       |       |       |    11 |     4 |       |    16 |       |       ||    31
       Javelin           |       |       |       |       |       |       |     3 |       |       ||     3
 Cast: Animate Dead      |       |       |       |       |     8 |    18 |    18 |     2 |       ||    46
       Wereblood         |       |       |       |       |       |    10 |    11 |     3 |       ||    24
       Death Channel     |       |       |       |       |       |     7 |    16 |     6 |     1 ||    30
       Borgnjor's Vile C |       |       |       |       |       |       |       |     9 |       ||     9
       Necromutation     |       |       |       |       |       |       |       |     8 |     4 ||    12
Evoke: Wand              |       |       |     5 |       |     9 |    17 |    13 |     3 |       ||    47
       Condenser vane    |       |       |       |       |     1 |     1 |     3 |     1 |       ||     6
       Piece from Xom's  |       |       |       |       |     1 |       |     5 |       |       ||     6
       Phial of floods   |       |       |       |       |       |     1 |       |     1 |     1 ||     3
       Phantom mirror    |       |       |       |       |       |       |     4 |       |       ||     4
       Lightning rod     |       |       |       |       |       |       |       |       |     5 ||     5
       Tin of tremorston |       |       |       |       |       |       |       |       |     2 ||     2
  Use: Scroll            |       |     5 |     7 |    14 |    13 |     1 |     7 |     5 |     8 ||    60
       Potion            |       |     2 |       |     2 |     5 |     2 |     4 |     2 |     2 ||    19
 Stab: Sleeping          |       |       |     2 |       |       |       |       |       |       ||     2
       Confused          |       |       |       |       |     1 |       |     5 |       |       ||     6
       Distracted        |       |       |       |       |       |     6 |     9 |     3 |       ||    18
       Paralysed         |       |       |       |       |       |       |       |     1 |       ||     1
       Fleeing           |       |       |       |       |       |       |       |       |     1 ||     1
Armor: Scale mail        |    63 |       |       |       |       |       |       |       |       ||    63
       Chain mail        |    30 |    14 |   254 |   507 |   798 |   841 |   876 |   660 |   234 ||  4214
       Plate armour      |       |    79 |       |       |       |       |       |       |       ||    79
       Ring mail         |       |     3 |    58 |       |       |       |       |       |       ||    61
Dodge: Dodged            |    70 |    50 |   232 |   306 |   455 |   437 |   381 |   336 |   107 ||  2374
Block: Buckler           |    37 |    25 |   195 |   243 |   495 |   635 |   202 |       |       ||  1832
       Reflection        |       |       |       |       |    10 |    77 |    15 |       |       ||   102
       Kite shield       |       |       |       |       |       |       |   759 |   850 |   225 ||  1834

Table legend: (Time is in decaauts)
 A = Elapsed time spent in this place.
 B = Non-inter-level travel time spent in this place.
 C = Inter-level travel time spent in this place.
 D = Time resting spent in this place.
 E = Time spent auto-exploring this place.
 F = Levels seen in this place.
 G = Mean time per level.
                   A        B        C        D        E       F      G
               +--------+--------+--------+--------+--------+-----+--------+
         Total | 103071 |  94594 |   8477 |  26484 |  40656 |  67 | 1538.4 |
       Dungeon |  26492 |  22305 |   4187 |   4358 |  12983 |  15 | 1766.1 |
        Temple |    241 |    241 |      0 |    240 |      0 |   1 |  241.0 |
          Lair |  13423 |  11862 |   1561 |   3427 |   5889 |   6 | 2237.2 |
         Swamp |   6809 |   6549 |    260 |   1614 |   3256 |   4 | 1702.2 |
     Snake Pit |  13822 |  13633 |    189 |   5692 |   4853 |   4 | 3455.5 |
    Slime Pits |   1513 |   1390 |    123 |    577 |     74 |   5 |  302.6 |
  Orcish Mines |   2996 |   2816 |    180 |   1075 |    879 |   2 | 1498.0 |
   Elven Halls |   5316 |   4987 |    329 |    741 |   2094 |   3 | 1772.0 |
        Vaults |  10646 |  10262 |    384 |   2151 |   5204 |   5 | 2129.2 |
        Depths |  11369 |  10220 |   1149 |   3608 |   3387 |   4 | 2842.2 |
          Hell |   1211 |   1148 |     63 |    335 |    235 |   1 | 1211.0 |
           Dis |    186 |    186 |      0 |      4 |      0 |   2 |   93.0 |
       Gehenna |      2 |      2 |      0 |      0 |      0 |   1 |    2.0 |
       Cocytus |     25 |     25 |      0 |      0 |      0 |   1 |   25.0 |
      Tartarus |    276 |    276 |      0 |      0 |      0 |   3 |   92.0 |
           Zot |   1297 |   1248 |     49 |    375 |    362 |   1 | 1297.0 |
         Abyss |   2465 |   2465 |      0 |    607 |     58 |   5 |  493.0 |
        Bazaar |     52 |     52 |      0 |      0 |      1 |   1 |   52.0 |
       Ossuary |    497 |    497 |      0 |     54 |    191 |   1 |  497.0 |
        Bailey |   2751 |   2751 |      0 |    948 |    834 |   1 | 2751.0 |
      Ice Cave |   1672 |   1672 |      0 |    674 |    355 |   1 | 1672.0 |
               +--------+--------+--------+--------+--------+-----+--------+

Top non-repeatable levels by time:
 Snake:2: 4123 daAuts
 Snake:4: 4031 daAuts
  Lair:5: 3478 daAuts
  Lair:6: 3409 daAuts
 Snake:3: 3378 daAuts
Depths:1: 3289 daAuts
    D:13: 3276 daAuts
Depths:4: 3171 daAuts
Vaults:1: 3114 daAuts
Vaults:3: 2831 daAuts
    D:11: 2809 daAuts
Vaults:2: 2802 daAuts
   Elf:3: 2797 daAuts
  Bailey: 2751 daAuts
  Lair:4: 2595 daAuts
